 Dungeon Crawl Stone Soup version 0.30.1-9-gdf580d7c3d (webtiles) character file.

Game seed: 17085292933451584593

1033 tkbsonic5 the Poker (level 8, -1/62 HPs)
             Began as a Merfolk Gladiator on Oct 21, 2023.
             Slain by an iguana (11 damage)
             ... on level 6 of the Dungeon.
             The game lasted 00:10:32 (4336 turns).

tkbsonic5 the Poker (Merfolk Gladiator)             Turns: 4336, Time: 00:10:32

Health: -1/62      AC:  7    Str: 16    XL:     8   Next: 24%
Magic:  8/8        EV: 13    Int:  8    God:
Gold:   114        SH:  5    Dex: 15    Spells: 7/7 levels left

rFire   . . .        a - +0 trident
rCold   . . .        o - +0 buckler
rNeg    . . .        h - +0 ring mail
rPois   .            c - +0 helmet
rElec   .            l - scarf {+Inv}
rCorr   .            (no gloves)
SInv    .            C - +0 pair of boots
Will    .....        (no amulet)
Stlth   +            (no ring)
HPRegen 0.30/turn    (no ring)
MPRegen 0.11/turn

%: no passive effects
@: lethally poisoned (-1 -> -4), hasted, invisible, very quick
A: (nimble swimmer 2), mertail
a: Evoke Invisibility


You were on level 6 of the Dungeon.
You visited 1 branch of the dungeon, and saw 6 of its levels.

You collected 174 gold pieces.
You spent 60 gold pieces at shops.

Inventory:

Hand Weapons
 a - a +0 trident (weapon)
Missiles
 k - 2 poisoned darts (quivered)
Armour
 b - a +0 leather armour
 c - a +0 helmet (worn)
 h - a +0 ring mail (worn)
 l - a scarf of invisibility (worn)
 o - a +0 buckler (worn)
 p - a +0 helmet
 C - a +0 pair of boots (worn)
Magical Staves
 B - a staff of cold
Jewellery
 d - a +6 ring of intelligence
 i - an amulet of faith
 n - a ring of protection from fire
 u - a ring of ice
Scrolls
 f - a scroll of teleportation
 g - a scroll of magic mapping
 m - a scroll of acquirement {unknown}
 q - a scroll of torment {unknown}
 t - a scroll of enchant weapon {unknown}
 w - a scroll of fog {unknown}
 D - 3 scrolls of identify
 E - 2 scrolls of noise {unknown}
Potions
 e - a potion of flight {unknown}
 j - 3 potions of mutation
 s - a potion of magic {unknown}
 v - a potion of invisibility
 x - a potion of haste
 A - a potion of cancellation {unknown}


   Skills:
 * Level 5.1 Fighting
 * Level 7.0 Polearms
 - Level 3.3 Throwing
 * Level 6.8 Dodging
 * Level 3.8 Shields
 - Level 2.2 Evocations


You had 7 spell levels left.
You didn't know any spells.
Your spell library was empty.

Dungeon Overview and Level Annotations

Branches:
Dungeon (6/15)             Temple (0/1) D:6

Altars:
Hepliaklqana
Xom

Shops:
D:4 !

Annotations:
D:6 Sigmund


Innate Abilities, Weirdness & Mutations

((You are very nimble when in or above water. (Stealth+, EV+, Speed+++)))
Your lower body shifts to a powerful aquatic tail in water.


Message History

Your surroundings suddenly seem different.
A scorpion comes into view.
Found an escape hatch in the floor.
Found a staircase to the Ecumenical Temple.
The scorpion stings you.
* * * LOW HITPOINT WARNING * * *
You feel better.
An iguana comes into view.
The scorpion barely misses you.
The barbs in your skin will harm you if you move.
Continue?
Okay, then.
The barbs in your skin will harm you if you move.
Continue?
The barbed spikes dig painfully into your body as you move.
The iguana hisses angrily.
The scorpion stings you.
You are poisoned.
The scorpion poisons you!
It was a potion of invisibility.
You fade into invisibility!
You feel very sick. You block the scorpion's attack.
You hit the scorpion.
The scorpion is lightly wounded.
You feel very sick. The scorpion misses you.
The scorpion stings you but does no damage.
You hit the scorpion.
The scorpion is heavily wounded.
You carefully extract the barbed spikes from your body.
You feel sick. The scorpion barely misses you.
It was a potion of haste.
You feel yourself speed up.
You feel sick.
The scorpion stings you but does no damage.
You hit the scorpion.
The scorpion is severely wounded.
You feel sick. The scorpion closely misses you. The iguana closely misses you.
You catch the helpless scorpion completely off-guard!
You hit the scorpion but do no damage.
The scorpion is severely wounded.
The iguana bites you!
You die...

*,,,,,,,,,,,,,,*,,,,,,,*
*,,,,..,,##.##,*,,,,,,,*
*,,,,,...*...#,*,,,,,,,*
**,,,,#..,.>.,,,,,,,,,,*
*****#.P*...*,*******,*
##.##.#### ***
#...P.P..# #......>.##
#....@l...##**
#...s........*
#.....#####..** #.....#
**,,,,**
####.##**,,,,,,**
#.#*,∩,⌠,,⌠,∩*
#.#*,*,,,,,,**
#.#**,*,,,,**
#.#*****,,**


You could see a scorpion (unable to see you) and an iguana (unable to see you).

Vanquished Creatures
  An ogre (D:4)
  2 phantoms
  4 scorpions
  A jelly (D:4)
  2 orc priests
  A hound (D:4)
  A gnoll bouda (D:4)
  Natasha (thrice) (D:2)
  3 iguanas
  An orc wizard (D:4)
  Robin (D:2)
  4 adders
  3 shadow imps (D:3)
  An ufetubus (D:5)
  A dart slug (D:2)
  2 orcs (D:4)
  4 bats
  4 endoplasms
  5 giant cockroaches
  15 goblins
  5 hobgoblins
  10 kobolds
  2 quokkas (D:2)
  4 ball pythons
  2 frilled lizards (D:1)
  6 rats
88 creatures vanquished.

Vanquished Creatures (collateral kills)
  2 wights (D:6)
  An orc (D:6)
  3 kobolds (D:6)
6 creatures vanquished.

Grand Total: 94 creatures vanquished

Notes
Turn   | Place    | Note
-------+----------+-------------------------------------------
     0 | D:1      | tkbsonic5 the Merfolk Gladiator began the quest for the
                  | Orb.
     0 | D:1      | Reached XP level 1. HP: 16/16 MP: 1/1
    19 | D:1      | Found a faded altar of an unknown god.
   167 | D:1      | Reached XP level 2. HP: 23/23 MP: 2/2
   431 | D:2      | Noticed Natasha
   438 | D:2      | Killed Natasha
   439 | D:2      | Reached XP level 3. HP: 28/28 MP: 3/3
   576 | D:2      | Reached skill level 1 in Shields
   578 | D:2      | Reached XP level 4. HP: 25/34 MP: 4/4
   581 | D:2      | Noticed Natasha
   594 | D:2      | Killed Natasha
   738 | D:2      | Noticed Natasha
   747 | D:2      | Killed Natasha
  1048 | D:2      | Reached skill level 5 in Polearms
  1049 | D:2      | Reached XP level 5. HP: 41/41 MP: 5/5
  1055 | D:2      | Noticed Robin
  1066 | D:2      | Killed Robin
  1078 | D:2      | Reached skill level 5 in Dodging
  1407 | D:2      | Reached skill level 1 in Evocations
  1500 | D:3      | Found a transporter.
  1680 | D:3      | Found a transporter.
  2017 | D:4      | Found Giyqes's Distillery.
  2020 | D:4      | Bought a potion of heal wounds for 60 gold pieces
  2035 | D:4      | Reached XP level 6. HP: 43/47 MP: 6/6
  2465 | D:4      | Reached XP level 7. HP: 23/54 MP: 7/7
  2996 | D:4      | Reached skill level 6 in Polearms
  3082 | D:4      | Found a shimmering altar of Xom.
  3083 | D:4      | Found a hazy altar of Hepliaklqana.
  3084 | D:4      | Noticed a spectral ugly thing
  3520 | D:5      | Entered Level 5 of the Dungeon
  4072 | D:5      | Reached XP level 8. HP: 50/61 MP: 8/8
  4265 | D:6      | Noticed Sigmund
  4269 | D:6      | Noticed a kobold demonologist
  4271 | D:6      | Noticed a soul eater
  4278 | D:6      | Noticed a kobold demonologist
  4282 | D:6      | Reached skill level 5 in Fighting
  4285 | D:6      | Reached skill level 7 in Polearms
  4323 | D:6      | Noticed a red devil
  4328 | D:6      | Found a staircase to the Ecumenical Temple.
  4336 | D:6      | Slain by an iguana

Illustrated notes

Levels and vault maps discovered:
D:1:      zaba_arrival_water, layout_basic, ebering_ecumenical_altar_abandoned
D:2:      layout_loops_corners, uniq_robin, uniq_natasha
D:3:      gammafunk_wand_slinger, layout_basic, guppyfry_early_orc_mine
D:4:      layout_cave_pods, regret_index_temple_of_mockery, serial_shops,
          nicolae_shop_statue_plus, serial_park, serial_park_fountain,
          serial_park_avenue1, serial_park_tiny_pond, serial_park_gazebo
          [serial_park_minivault_5x5_3]
D:5:      layout_basic, kennysheep_generic_room_8
D:6:      layout_gridville, minmay_temple_entry_gardened_gates,
          portal_sewer_entry_d, roderic_lattice_a, nicolae_shop_fire_sale
          [nicolae_sub_dead_trees], uniq_sigmund, uniq_crazy_yiuf_cottage

Skill      XL: |  1  2  3  4  5  6  7  8 |
---------------+-------------------------+-----
Shields        | 1 2 3 |  3.8
Fighting       | 3 4 5 |  5.1
Polearms       | 5 6 7 |  7.0
Dodging        | 5 6 |  6.8
Evocations     | 1 2 |  2.2
Throwing       | 3 |  3.3

Action                     |  1- 3 |  4- 6 |  7- 9 || total
---------------------------+-------+-------+-------++-------
  Melee: Trident           |    81 |   160 |   109 ||   350
  Throw: Dart              |     7 |    14 |    11 ||    32
         Throwing net      |       |     3 |       ||     3
         Javelin           |       |     3 |     6 ||     9
  Evoke: Wand              |       |       |    11 ||    11
    Use: Scroll            |       |     3 |     6 ||     9
         Potion            |       |     2 |     5 ||     7
   Stab: Held in net/web   |       |     1 |       ||     1
         Invisible         |       |       |     1 ||     1
 Armour: Leather armour    |     4 |       |       ||     4
         Ring mail         |    23 |    37 |    35 ||    95
  Dodge: Dodged            |    43 |    56 |    59 ||   158
  Block: Buckler           |     8 |    14 |    18 ||    40
